 Dungeon Crawl Stone Soup version 0.31.0-11-ge490571c62 (webtiles) character file.

Game seed: 14516694149417550771

1876822 SnakkuSnakku7 the Evangelist (level 25, 257/257 HPs)
             Began as a Hill Orc Delver on Feb 2, 2024.
             Was an Elder of Beogh.
             Escaped with the Orb
             ... and 3 runes!
             The game lasted 01:48:50 (52106 turns).

SnakkuSnakku7 the Evangelist (Hill Orc Delver)     Turns: 52106, Time: 01:48:50

Health: 257/257    AC: 48    Str: 25    XL:     25   Next: 86%
Magic:  40/40      EV: 12    Int: 13    God:    Beogh [****..]
Gold:   6646       SH: 16    Dex: 10    Spells: 24/24 levels left

rFire   + + .        a - +9 broad axe of Starshine {heavy, rPois rF+ Int+5}
rCold   . . .        F - +2 kite shield {rF+}
rNeg    . . .        Y - +4 storm dragon scales {Bai Suzhen}
rPois   +            R - +2 hat {Will+}
rElec   +            i - +2 cloak
rCorr   .            O - +2 pair of gloves
SInv    .            (no boots)
Will    ++...        y - amulet of regeneration Stlth
                     q - +4 ring of protection
HPRegen 1.42/turn    x - +4 ring of protection
MPRegen 0.27/turn

%: no passive effects
@: studying 2 skills
A: antennae 1, iridescent scales 2, clumsy 1, deterioration 1, dopey 1,
inhibited regeneration, weak 1, persistent drain
0: Orb of Zot
}: 3/15 runes: decaying, silver, gossamer
a: Renounce Religion, Smiting, Recall Orcish Followers


You escaped.
You worshipped Beogh.
Beogh was greatly pleased with you.
You visited 10 branches of the dungeon, and saw 46 of its levels.
You visited the Abyss 1 time.
You also visited: Bailey and Gauntlet.

You collected 7458 gold pieces.
You spent 812 gold pieces at shops.

Inventory:

Hand Weapons
 a - the +9 broad axe of Starshine (weapon) {heavy, rPois rF+ Int+5}
   (You took it off a centaur on level 9 of the Dungeon)

   Int+5:     It affects your intelligence (+5).
   rF+:       It protects you from fire.
   rPois:     It protects you from poison
 g - a +9 bardiche of draining
 X - a +3 bardiche of venom
Armour
 i - a +2 cloak (worn)
 F - a +2 kite shield of fire resistance (worn)
 K - the +7 faerie dragon scales {rF+ rCorr MP+10 Str+4 Int+3}
   (You took it off the Enchantress on level 4 of the Depths)

   Str+4:     It affects your strength (+4).
   Int+3:     It affects your intelligence (+3).
   rF+:       It protects you from fire.
   MP+10:     It affects your magic capacity (+10).
   rCorr:     It protects you from acid and corrosion.
 O - a +2 pair of gloves (worn)
 R - a +2 hat of willpower (worn)
 Y - +4 storm dragon scales (worn) {Bai Suzhen}
 Z - the +1 hat "Heefoth" {rElec}
   (You found it on level 4 of the Spider Nest)

   rElec:     It insulates you from electricity.
Jewellery
 p - a +5 ring of evasion
 q - a +4 ring of protection (left hand)
 w - a +5 ring of evasion
 x - a +4 ring of protection (right hand)
 y - an amulet of regeneration (around neck)
 B - a ring of see invisible
Wands
 s - a wand of digging (5)
 z - a wand of flame (89)
 E - a wand of paralysis (24)
 J - a wand of acid (13)
 M - a wand of polymorph (17)
 N - a wand of iceblast (57)
 T - a wand of mindburst (24)
Scrolls
 c - 7 scrolls of fog
 d - 15 scrolls of teleportation
 h - 8 scrolls of poison
 j - 5 scrolls of fear
 l - 13 scrolls of immolation
 C - 6 scrolls of vulnerability
 P - a scroll of silence
Potions
 e - 6 potions of curing
 f - 4 potions of resistance
 k - 4 potions of invisibility
 m - 5 potions of mutation
 n - 4 potions of magic
 o - a potion of haste
 r - 10 potions of enlightenment
 u - 4 potions of brilliance
 v - 13 potions of attraction
 A - 3 potions of cancellation
 H - 5 potions of lignification
 L - 3 potions of might
 V - 2 potions of ambrosia
Miscellaneous
 b - a phantom mirror
 G - a phial of floods
 I - a condenser vane


   Skills:
 O Level 27 Fighting
 - Level 18.0 Axes
 - Level 4.0 Throwing
 + Level 25.7 Armour
 - Level 9.0 Dodging
 - Level 4.1 Stealth
 - Level 20.0 Shields
 O Level 27 Invocations
 - Level 4.0 Evocations


You had 24 spell levels left.
You didn't know any spells.
Your spell library contained the following spells:

 Spells                   Type           Power      Damage    Failure   Level
 Sandblast                Erth           0%         2d4       67%         1
 Shock                    Conj/Air       0%         1d3       67%         1
 Sting                    Conj/Alch      0%         1d3       67%         1
 Call Imp                 Summ           0%         N/A       80%         2
 Cigotuvi's Dreadful Rot  Necr/Alch/Air  0%         N/A       80%         2
 Ensorcelled Hibernation  Hex/Ice        0%         N/A       80%         2
 Mercury Vapours          Alch/Air       0%         N/A       80%         2
 Momentum Strike          Conj/Tloc      0%         3d8       80%         2
 Sublimation of Blood     Necr           0%         N/A       80%         2
 Passwall                 Erth           0%         N/A       95%         3
 Stone Arrow              Conj/Erth      0%         3d7       95%         3
 Swiftness                Air            0%         N/A       95%         3
 Tukima's Dance           Hex            0%         N/A       95%         3
 Animate Dead             Necr           0%         N/A       100%        4
 Brom's Barrelling Bould  Conj/Erth      0%         2d3       100%        4
 Cause Fear               Hex            0%         N/A       100%        4
 Dimensional Bullseye     Hex/Tloc       0%         N/A       100%        4
 Dispel Undead            Necr           0%         3d6       100%        4
 Iskenderun's Mystic Bla  Conj/Tloc      0%         2d3       100%        4
 Leda's Liquefaction      Alch/Erth      0%         N/A       100%        4
 Martyr's Knell           Necr/Summ      0%         N/A       100%        4
 Olgreb's Toxic Radiance  Alch           0%         N/A       100%        4
 Passage of Golubria      Tloc           0%         N/A       100%        4
 Summon Blazeheart Golem  Fire/Summ      0%         N/A       100%        4
 Vhi's Electric Charge    Tloc/Air       0%         N/A       100%        4
 Arcjolt                  Conj/Air       0%         1d10      100%        5
 Borgnjor's Vile Clutch   Necr/Erth      0%         N/A       100%        5
 Fireball                 Conj/Fire      0%         3d3       100%        5
 Lee's Rapid Deconstruct  Erth           0%         3d4*      100%        5
 Yara's Violent Unravell  Hex/Alch       0%         3d3       100%        5
 Bombard                  Conj/Erth      0%         9d1       100%        6
 Death Channel            Necr           0%         N/A       100%        6
 Plasma Beam              Fire/Air       0%         2x1d10    100%        6
 Orb of Destruction       Conj           0%         9d5       100%        7
 Spellforged Servitor     Conj/Summ      0%         N/A       100%        7
 Summon Hydra             Summ           0%         N/A       100%        7
 Ignition                 Fire           0%         3d3       100%        8
 Dragon's Call            Summ           0%         N/A       100%        9


Dungeon Overview and Level Annotations

Branches:
Dungeon (15/15)            Temple (1/1) D:7            Lair (5/5) D:11
  Swamp (4/4) Lair:2       Spider (4/4) Lair:2        Slime (0/5) Lair:4
    Orc (2/2) D:9             Elf (0/3) Orc:2        Vaults (5/5) D:13
  Crypt (0/3) Vaults:3     Depths (4/4) D:15           Hell (visited)
    Dis (0/7) Hell            Geh (0/7) Hell            Coc (0/7) Hell
    Tar (0/7) Hell            Zot (5/5) Depths:4     Bailey (visited)
Gauntlet (visited)

Altars:
Ashenzari
Cheibriados
Dithmenos
Elyvilon
Fedhas
Gozag
Hepliaklqana
Kikubaaqudgha
Makhleb
Nemelex Xobeh
Okawaru
Qazlal
Ru
Sif Muna
Trog
Uskayaw
Vehumet
Wu Jian
Xom
Yredelemnul
Zin
The Shining One
Beogh

Shops:
D:3 :   Orc:2 (:(   Depths:4 *

Portals:
Hell: Depths:1 Depths:2 Depths:3 Depths:4
Abyss: Depths:3 Depths:4
Pandemonium: Depths:2
Ziggurat: Depths:2
Trove: D:11 (give 5 potions of resistance)

Annotations:
Spider:1 Roxanne
Vaults:4 36 runed translucent doors
Depths:4 5 runed translucent doors


Innate Abilities, Weirdness & Mutations

You have a pair of small antennae on your head.
You are mostly covered in iridescent scales. (AC +4)
You are clumsy. (Dex -2)
Your body sometimes deteriorates upon taking damage.
You are dopey. (Int -2)
You do not regenerate when monsters are visible.
You are weak. (Str -2)
Your health recovers twice as slowly from being drained.


Message History

The Executioner hits you but does no damage.
The Executioner closely misses you. You block the Executioner's attack.
The Executioner barely misses you.
The Executioner hits you but does no damage.
The Executioner barely misses you.
The Executioner attacks as it pursues you!
The Executioner hits you.
The Executioner hits you but does no damage.
You block the Executioner's attack.
The Executioner hits you but does no damage.
The Executioner hits you. You block the Executioner's attack. x2
The Executioner hits you but does no damage. x2
There is a stone staircase leading up here.
You block the Executioner's attack.
The Executioner hits you but does no damage.
The Executioner completely misses you. You block the Executioner's attack. x2
The Executioner hits you but does no damage. x2
The Executioner closely misses you.
The Executioner hits you but does no damage.
You climb upwards.
There is a stone staircase leading down here.
You slash the Executioner!
The Executioner is moderately wounded.
You block the Executioner's attack. x3
The Executioner hits you but does no damage.
The Executioner hits you. x2
The Executioner hits you but does no damage.
The Executioner barely misses you.
The Executioner hits you but does no damage.
You carve the Executioner like a ham!!!
You kill the Executioner!
Beogh accepts your kill.
Your life force feels restored.
Unknown command.
No target in view!
No target in view!
You see here a +0 club.
There is a large open door here.
There is a staircase leading out of the dungeon here.
You have escaped!

#.....)................
######################.
#§≈≈≈≈≈### #.
§§§≈≈≈≈≈≈## #.
§≈≈§#≈≈§≈≈# ###.
≈≈§≈≈≈≈§≈## ####...
§≈≈≈≈§#§§###....##
####≈≈≈§§##..####
#@.......'..##
#>.......'.##
####≈≈≈§≈### ≈≈§≈≈#§≈#
≈≈§≈≈§§§## ≈≈≈#≈≈§§§#
≈≈≈§≈≈≈≈## §≈§≈≈≈###
#####


There were no monsters in sight!

Vanquished Creatures
  3 ancient liches (Zot:5)
  8 orbs of fire
  Mennas (Vaults:3)
  Xtahua (Vaults:5)
  Boris (Vaults:4)
  2 Killer Klowns (Zot:5)
  A curse toe (Zot:2)
  Geryon (Hell)
  Nikola (Spider:1)
  9 golden dragons
  Norris (Depths:2)
  the Enchantress (Depths:4)
  Jory (Depths:4)
  A bone dragon (Depths:4)
  3 doom hounds (Zot:3)
  An electric golem (Zot:5)
  15 tentacled monstrosities
  Jorgrun (Spider:1)
  A hellephant (Depths:2)
  26 Orb Guardians
  An Ice Fiend (Zot:5)
  4 liches
  4 titans
  2 quicksilver dragons
  3 sphinxes
  3 Executioners
  A tentacled starspawn (Abyss:2)
  6 ancient champions
  7 storm dragons
  Frances (Swamp:1)
  13 shadow dragons
  A thorn hunter (Swamp:3)
  A kraken (Swamp:4)
  Aizul (Swamp:3)
  5 tengu reavers
  3 death cobs
  Donald (Orc:2)
  5 draconian monks
  2 protean progenitors
  3 draconian knights
  7 fire giants
  4 fenstrider witches
  8 frost giants
  An iron dragon (Vaults:5)
  4 draconian shifters
  An emperor scorpion (Spider:4)
  6 draconian scorchers
  A deep elf sorcerer (Vaults:5)
  2 balrugs
  2 reapers
  A caustic shrike zombie (Abyss:2)
  Louise (D:15)
  5 ghost moths
  8 vault wardens
  A ghoul (Swamp:1)
  25 very ugly things
  An orc warlord (Vaults:1)
  7 draconian stormcallers
  13 ironbound preservers
  4 draconian annihilators
  4 spriggan defenders (Depths:4)
  A formless jellyfish (Vaults:3)
  3 ironbound thunderhulks
  4 vampire knights
  A caustic shrike skeleton (Hell)
  20 stone giants
  4 eleionomae
  13 green draconians
  3 deep elf demonologists
  10 black draconians
  8 purple draconians
  A lorocyproca (Depths:2)
  13 spark wasps
  Azrael (Spider:2)
  A minotaur (Gauntlet)
  4 war gargoyles
  12 red draconians
  5 deep elf annihilators
  18 yellow draconians
  9 white draconians
  2 putrid mouths (Zot:3)
  2 bunyips
  10 dire elephants
  The ghost of Minsecho the Unseen, a journeyman SpMo of Wu Jian (Swamp:1)
  2 green deaths (Swamp:4)
  4 blizzard demons
  A merfolk impaler (Depths:1)
  12 fire dragons
  12 ettins
  A shambling mangrove (Swamp:2)
  6 deep elf high priests
  An entropy weaver (Spider:1)
  9 yaktaur captains
  A spriggan zombie (Hell)
  7 ice dragons
  2 rakshasas
  A peacekeeper (Vaults:2)
  25 vault guards
  2 hell beasts
  6 catoblepae
  4 radroaches
  A spriggan skeleton (Hell)
  A salamander tyrant (Depths:2)
  3 great orbs of eyes
  2 ogre magi
  4 anacondas
  2 ghost crabs
  2 ironbound frosthearts (Vaults:3)
  2 spriggan air magi (Depths:4)
  14 hydras
  4 two-headed ogres
  5 alligators
  13 centaur warriors
  2 deep troll shamans
  7 boulder beetles
  7 death yaks
  A jorogumo (Spider:2)
  6 tengu warriors
  6 demonic crawlers
  An orc high priest (Orc:2)
  12 deep troll earth magi
  An occultist (Depths:3)
  2 thrashing horrors (Abyss:2)
  A hell knight (Vaults:5)
  Urug (Lair:2)
  A shock serpent (shapeshifter) (Vaults:5)
  9 sun demons
  Sonja (D:13)
  5 soul eaters
  A deep elf knight (Vaults:5)
  2 spriggan berserkers
  8 spriggans
  2 wretched stars (Abyss:2)
  A death drake (Swamp:4)
  3 pharaoh ants
  3 shadow wraiths
  6 skysharks
  5 iron trolls
  5 skeletal warriors
  A goliath frog (Swamp:1)
  5 arcanists
  A fire crab (Lair:3)
  7 swamp dragons
  2 orb spiders (Spider:1)
  31 deep trolls
  An obsidian statue (Gauntlet)
  A sixfirhy (Abyss:2)
  6 bog bodies
  A sun moth (Spider:2)
  An anaconda skeleton (Hell)
  4 lindwurms (Vaults:1)
  2 glowing orange brains
  6 ironbound convokers
  5 phantasmal warriors
  5 orc knights
  4 steelbarb worms
  A bunyip skeleton (Hell)
  24 wolf spiders
  2 steelbarb worms (shapeshifter)
  4 necromancers
  2 deep elf pyromancers (D:13)
  4 manticores
  A human zombie (Vaults:3)
  3 orc sorcerers (Orc:2)
  4 will-o-the-wisps
  An ugly thing (shapeshifter) (Depths:3)
  A faun (shapeshifter) (Depths:4)
  A worldbinder (Abyss:2)
  43 ugly things
  8 elephants
  12 moths of wrath
  10 cyclopes
  A rust devil (Hell)
  9 meliai
  A black mamba (shapeshifter) (Depths:4)
  A stone giant skeleton (Vaults:3)
  A water nymph (shapeshifter) (Vaults:4)
  2 kobold blastminers (Orc:1)
  6 black mambas
  13 large abominations
  6 vault sentinels
  4 orange demons (Swamp:4)
  5 torpor snails
  2 gargoyles (D:13)
  18 cane toads
  2 unseen horrors
  4 freezing wraiths
  4 komodo dragons
  2 rime drakes
  A tormentor (Zot:3)
  6 unseen horror zombies (D:9)
  An efreet (D:15)
  2 tengu conjurers
  17 yaktaurs
  3 ancient zymes (Abyss:2)
  3 ice devils
  A bloated husk (Swamp:3)
  A queen bee (shapeshifter) (Vaults:4)
  2 polar bears (Lair:3)
  13 trolls
  A shadow dragon simulacrum (Hell)
  A queen bee (Gauntlet)
  8 tyrant leeches
  22 blink frogs
  13 raiju (Abyss:2)
  26 tarantellas
  A stone giant simulacrum (Vaults:3)
  24 hornets
  7 dream sheep (Lair:5)
  18 jumping spiders
  45 slime creatures
  2 shadows
  A ynoxinul (Abyss:2)
  A centaur simulacrum (Hell)
  18 culicivoras
  9 basilisks
  6 starcursed masses (Abyss:2)
  A basilisk (shapeshifter) (Vaults:5)
  A fire elemental (Spider:2)
  54 yaks
  4 wargs (Orc:2)
  2 wyverns
  3 wraiths
  9 water elementals (Depths:1)
  3 chaos spawn (Depths:3)
  Menkaure (D:6)
  15 swamp worms
  42 redbacks
  17 vampire mosquitoes
  An entropy weaver zombie (Vaults:3)
  3 hell hounds (Spider:2)
  15 water moccasins
  7 orc warriors
  An ice beast (D:5)
  2 sky beasts
  7 laughing skulls (Abyss:2)
  3 black bears
  12 small abominations
  3 boggarts (Vaults:1)
  13 centaurs
  13 wolves
  2 ogres
  8 kobold brigands
  3 weeping skulls (Abyss:2)
  15 bullfrogs
  4 scorpions
  3 wights
  A swamp dragon simulacrum (Hell)
  44 killer bees
  6 howler monkeys
  2 bombardier beetles (D:6)
  3 electric eels
  2 centaur zombies (D:9)
  6 hounds
  2 jellies
  An orc priest (Orc:2)
  An iron imp (Abyss:2)
  2 sleepcaps
  A gnoll bouda (D:7)
  6 iguanas
  14 orc wizards
  9 hell rats
  A howler monkey zombie (D:9)
  Robin (D:3)
  9 adders
  9 gnolls
  A shadow imp (D:4)
  A white imp (D:5)
  3 ufetubi (Abyss:2)
  A dart slug (D:4)
  6 ribbon worms
  23 orcs
  3 ball pythons
  6 bats
  10 endoplasms
  A giant cockroach (D:2)
  28 goblins
  12 hobgoblins
  13 jackals
  5 quokkas
  2 frilled lizards
  25 kobolds
  4 rats
  2 spectral weapons (Zot:5)
  2 starspawn tentacles (Abyss:2)
  3 tentacles (Swamp:4)
1722 creatures vanquished.

Vanquished Creatures (collateral kills)
  Bai Suzhen (Vaults:2)
  A lich (Vaults:4)
  Grunn (Zot:4)
  An ancient champion (Vaults:3)
  A shadow dragon (Vaults:4)
  A vault warden (Vaults:2)
  A formless jellyfish (Vaults:3)
  An ironbound preserver (Vaults:1)
  3 ironbound thunderhulks
  A very ugly thing (Vaults:4)
  5 dire elephants
  2 war gargoyles (Vaults:2)
  A deep elf annihilator (Vaults:5)
  2 entropy weavers
  A deep elf high priest (Vaults:5)
  3 yaktaur captains
  Erolcha (Orc:2)
  A hydra (Swamp:2)
  A jorogumo (Spider:2)
  A great orb of eyes (Vaults:1)
  3 ogre magi
  A vault guard (Vaults:4)
  3 ironbound frosthearts
  An alligator (Swamp:3)
  A two-headed ogre (Vaults:5)
  3 boulder beetles
  A vampire mage (Vaults:3)
  A demonic crawler (Spider:2)
  A spriggan (Swamp:2)
  3 pharaoh ants
  A sun moth (Spider:4)
  4 deep trolls
  A swamp dragon (Lair:2)
  2 steelbarb worms
  An ironbound convoker (Vaults:2)
  A deep elf pyromancer (Vaults:5)
  3 orc sorcerers (Orc:2)
  3 wolf spiders (Spider:4)
  A stone giant skeleton (Vaults:3)
  A human skeleton (Vaults:3)
  4 vault sentinels
  An elf zombie (Vaults:3)
  A torpor snail (Spider:4)
  2 yaktaurs
  A komodo dragon (Lair:2)
  12 tarantellas
  A hornet (Swamp:2)
  10 jumping spiders
  9 culicivoras
  A water elemental (Depths:1)
  A wraith (D:12)
  13 redbacks
  A warg (Orc:2)
  A vampire mosquito (Spider:4)
  A swamp worm (Swamp:3)
  2 water moccasins (Lair:3)
  2 orc warriors
  4 ogres
  A boggart (Vaults:3)
  2 small abominations (Gauntlet)
  2 orc priests (Orc:1)
  An iguana (Lair:2)
  7 orc wizards (Orc:2)
  A hell rat (Lair:3)
  A ribbon worm (Spider:1)
  6 orcs
154 creatures vanquished.

Vanquished Creatures (others)
  A Killer Klown (Zot:4)
  2 orc warlords
  An orc high priest (Swamp:3)
  A spriggan (Swamp:2)
  13 orc knights
  2 orc sorcerers
  An orange demon (Swamp:4)
  19 orc priests
  4 bloated husks
  2 hornets (Swamp:2)
  22 orc wizards
  A redback (Spider:1)
  21 orc warriors
  An ogre (Vaults:5)
  A quasit (Abyss:2)
  40 orcs
  6 foxfires
  2 starspawn tentacles (Abyss:2)
  5 tentacles (Swamp:4)
145 creatures vanquished.

Grand Total: 2021 creatures vanquished

Notes
Turn   | Place    | Note
-------+----------+-------------------------------------------
     0 | D:5      | SnakkuSnakku7 the Hill Orc Delver began the quest for the
                  | Orb.
     0 | D:5      | Reached XP level 1. HP: 19/19 MP: 1/1
     4 | D:5      | Noticed a hound
    11 | D:5      | Noticed a black bear
    17 | D:5      | Noticed an iguana
    79 | D:6      | Noticed a hound
   150 | D:6      | Noticed an orc wizard
   236 | D:4      | Noticed a black bear
   352 | D:4      | Reached XP level 2. HP: 23/26 MP: 2/2
   606 | D:4      | Noticed a scorpion
   641 | D:3      | Reached XP level 3. HP: 31/31 MP: 3/3
   678 | D:3      | Reached skill level 5 in Axes
   958 | D:2      | Found a blossoming altar of Fedhas.
  1028 | D:2      | Reached XP level 4. HP: 17/39 MP: 1/4
  1945 | D:1      | Reached skill level 1 in Throwing
  2463 | D:3      | Reached XP level 5. HP: 43/44 MP: 5/5
  2659 | D:3      | Found Tawnyug's Book Boutique.
  2926 | D:3      | Noticed Robin
  2950 | D:3      | Killed Robin
  2951 | D:3      | Reached XP level 6. HP: 44/51 MP: 4/6
  3201 | D:4      | Found a shimmering altar of Xom.
  3203 | D:4      | Found a snail-covered altar of Cheibriados.
  3207 | D:4      | Found a glowing golden altar of the Shining One.
  3208 | D:4      | Found a white marble altar of Elyvilon.
  3209 | D:4      | Found a sacrificial altar of Ru.
  3209 | D:4      | Found an iron altar of Okawaru.
  3210 | D:4      | Found a shimmering blue altar of Sif Muna.
  3212 | D:4      | Found a hazy altar of Hepliaklqana.
  3215 | D:4      | Found a shadowy altar of Dithmenos.
  3338 | D:4      | Killed a black bear
  3705 | D:5      | Reached XP level 7. HP: 57/57 MP: 7/7
  4075 | D:5      | Reached skill level 1 in Evocations
  4298 | D:5      | Reached XP level 8. HP: 58/64 MP: 6/8
  4509 | D:5      | Reached skill level 10 in Axes
  4668 | D:6      | Noticed Menkaure
  4673 | D:6      | Killed Menkaure
  5257 | D:7      | Found a flagged portal.
  5267 | D:6      | Reached XP level 9. HP: 66/70 MP: 7/9
  5298 | Bailey   | Entered a bailey
  5937 | Bailey   | Found an iron altar of Okawaru.
  6014 | D:7      | Noticed a troll
  6194 | D:7      | Killed a troll
  6361 | D:7      | Found a staircase to the Ecumenical Temple.
  6416 | Temple   | Entered the Ecumenical Temple
  6564 | D:7      | Reached skill level 15 in Axes
  7117 | D:8      | Reached XP level 10. HP: 72/74 MP: 10/10
  7596 | D:8      | Reached skill level 5 in Fighting
  9907 | D:9      | Reached skill level 10 in Fighting
  9908 | D:9      | Reached skill level 1 in Armour
  9927 | D:9      | Reached XP level 11. HP: 68/99 MP: 7/11
 10007 | D:9      | Became a worshipper of Beogh the Brigand
 10027 | D:9      | Reached skill level 5 in Armour
 10214 | D:9      | Found a basalt altar of Yredelemnul.
 10753 | D:9      | Found a staircase to the Orcish Mines.
 10804 | D:9      | Identified the +9 broad axe of Starshine {heavy, rPois rF+
                  | Int+5}
 10824 | D:9      | Reached * piety under Beogh
 11219 | D:10     | Entered Level 10 of the Dungeon
 11250 | D:10     | Found a broken altar of Ashenzari.
 11758 | D:10     | Reached XP level 12. HP: 102/106 MP: 10/12
 11807 | D:11     | Found a portal to a secret trove of treasure.
 11871 | D:11     | Reached skill level 1 in Invocations
 11933 | D:11     | Found a staircase to the Lair.
 11937 | D:11     | Reached ** piety under Beogh
 11952 | D:11     | Reached skill level 5 in Invocations
 12598 | Lair:1   | Entered Level 1 of the Lair of Beasts
 13246 | Lair:1   | Reached skill level 10 in Invocations
 13808 | Lair:2   | Reached *** piety under Beogh
 13858 | Lair:2   | Found a gate leading to a gauntlet.
 13864 | Lair:2   | Found a staircase to the Swamp.
 13876 | Gauntlet | Entered a Gauntlet
 13876 | Gauntlet | Found a transporter.
 13879 | Gauntlet | Found a transporter.
 13883 | Gauntlet | Found a transporter.
 13890 | Gauntlet | Found a transporter.
 13891 | Gauntlet | Found a transporter.
 13895 | Gauntlet | Found a transporter.
 13904 | Gauntlet | Found a transporter.
 13907 | Gauntlet | Found a transporter.
 13913 | Gauntlet | Found a transporter.
 13914 | Gauntlet | Found a runed translucent gate.
 13915 | Gauntlet | Found a transporter.
 13916 | Gauntlet | Found a runed translucent gate.
 13917 | Gauntlet | Found a runed translucent gate.
 13919 | Gauntlet | Found a transporter.
 13925 | Gauntlet | Found a transporter.
 13930 | Gauntlet | Found a transporter.
 14030 | Gauntlet | Found a transporter.
 14038 | Gauntlet | Reached XP level 13. HP: 89/113 MP: 16/22
 14474 | Gauntlet | Identified the +5 flail "Femav" {holy, Dex+3}
 14521 | Gauntlet | Noticed a minotaur
 14526 | Gauntlet | Killed a minotaur
 14546 | Gauntlet | Identified the +7 ring mail of Midsummer {^Drain Str+5
                  | Int+5}
 14547 | Gauntlet | Got the Grimoire of Distance
 14723 | Lair:2   | Noticed Urug
 14731 | Lair:2   | Killed Urug
 14845 | Lair:2   | Found a hole to the Spider Nest.
 15428 | Lair:3   | Reached skill level 15 in Invocations
 15944 | Lair:2   | Reached skill level 10 in Armour
 16006 | Lair:3   | Reached **** piety under Beogh
 16158 | Lair:3   | Reached skill level 5 in Dodging
 16553 | Lair:3   | Identified the +2 battleaxe of Fate {freeze, Dex+3}
 16692 | Lair:3   | Reached XP level 14. HP: 121/121 MP: 25/25
 17187 | Lair:4   | Reached ***** piety under Beogh
 17325 | Lair:4   | Found a staircase to the Slime Pits.
 17613 | Lair:5   | Entered Level 5 of the Lair of Beasts
 17661 | Lair:5   | Identified a scroll of acquirement
 17663 | Lair:5   | Acquired a manual of Invocations
 18836 | Orc:1    | Entered Level 1 of the Orcish Mines
 18966 | Orc:2    | Entered Level 2 of the Orcish Mines
 18979 | Orc:2    | Reached XP level 15. HP: 41/126 MP: 29/29
 19349 | Orc:2    | Noticed Donald
 19366 | Orc:2    | Killed Donald
 19474 | Orc:2    | Paralysed by an orc sorcerer for 5 turns
 19501 | Orc:2    | Found a staircase to the Elven Halls.
 19551 | Orc:2    | Gained Bolgrim as an ally
 19886 | Orc:2    | Gained Bogward as an ally
 19914 | Orc:2    | Found an ancient bone altar of Kikubaaqudgha.
 19917 | Orc:2    | Paralysed by an orc sorcerer for 3 turns
 19923 | Orc:2    | Found Bimires's Distillery.
 19930 | Orc:2    | Noticed Erolcha
 19942 | Orc:2    | Your ally Bogward died
 19948 | Orc:2    | Killed Erolcha
 20052 | Orc:2    | Found Hiamnegavi's Antique Weapon Emporium.
 20063 | Orc:2    | Found a radiant altar of Vehumet.
 20079 | Orc:2    | Found a roughly hewn altar of Beogh.
 20079 | Orc:2    | Found Gisycecis's Antique Weapon Emporium.
 20093 | Orc:2    | Found Quyllaiq's Book Emporium.
 20127 | Orc:2    | Bought a potion of haste for 140 gold pieces
 20127 | Orc:2    | Bought a potion of haste for 140 gold pieces
 20127 | Orc:2    | Bought a potion of curing for 42 gold pieces
 20127 | Orc:2    | Bought a potion of might for 56 gold pieces
 20127 | Orc:2    | Bought a potion of enlightenment for 70 gold pieces
 20127 | Orc:2    | Bought a potion of enlightenment for 70 gold pieces
 20127 | Orc:2    | Bought a potion of invisibility for 112 gold pieces
 20127 | Orc:2    | Bought a potion of enlightenment for 70 gold pieces
 20127 | Orc:2    | Bought a potion of cancellation for 112 gold pieces
 20557 | D:12     | Reached skill level 1 in Shields
 21071 | D:13     | Gained Warbeogh as an ally
 21157 | D:13     | Reached ****** piety under Beogh
 21263 | D:13     | Your ally Warbeogh died
 21455 | D:13     | Reached skill level 5 in Shields
 21612 | D:13     | Found a gate to the Vaults.
 21897 | D:13     | Noticed Sonja
 21905 | D:13     | Killed Sonja
 22030 | D:14     | Found an ornate altar of the Wu Jian Council.
 22676 | D:15     | Entered Level 15 of the Dungeon
 22803 | D:15     | Found a staircase to the Depths.
 22838 | D:15     | Reached skill level 10 in Shields
 22838 | D:15     | Reached XP level 16. HP: 67/134 MP: 31/31
 23216 | D:15     | Noticed Louise
 23219 | D:15     | Killed Louise
 23799 | Spider:1 | Entered Level 1 of the Spider Nest
 23845 | Swamp:1  | Entered Level 1 of the Swamp
 23845 | Swamp:1  | Noticed Frances
 23888 | Swamp:1  | Killed Frances
 24092 | Swamp:1  | Noticed a fenstrider witch
 24096 | Swamp:1  | Killed a fenstrider witch
 24125 | Swamp:1  | Found a runed translucent door.
 24126 | Swamp:1  | Noticed Minsecho's ghost (journeyman SpMo)
 24156 | Swamp:1  | Killed Minsecho's ghost
 24998 | Swamp:2  | Noticed a fenstrider witch
 25004 | Swamp:2  | Killed a fenstrider witch
 25120 | Swamp:3  | Identified the serpent talisman "Ridwenuuv" {rF- rC+++
                  | Int-5 Dex+3}
 25120 | Swamp:3  | Noticed Aizul
 25132 | Swamp:3  | Killed Aizul
 25868 | Swamp:4  | Entered Level 4 of the Swamp
 25907 | Swamp:4  | Noticed a fenstrider witch
 25912 | Swamp:4  | Killed a fenstrider witch
 25933 | Swamp:4  | Gained Bogric as an ally
 25941 | Swamp:4  | Noticed a thorn hunter
 25947 | Swamp:4  | Your ally Bogric died
 26014 | Swamp:3  | Reached XP level 17. HP: 38/144 MP: 32/32
 26016 | Swamp:3  | Reached skill level 15 in Shields
 26129 | Swamp:4  | Noticed a kraken
 26140 | Swamp:4  | Killed a kraken
 26927 | Swamp:4  | Noticed a tentacled monstrosity
 26937 | Swamp:4  | Killed a tentacled monstrosity
 26958 | Swamp:4  | Got a decaying rune of Zot
 27288 | Spider:1 | Noticed Jorgrun
 27411 | Spider:1 | Killed Jorgrun
 27596 | Spider:1 | Noticed Nikola
 27606 | Spider:1 | Killed Nikola
 27836 | Spider:1 | Noticed Roxanne
 28129 | Spider:1 | Gained Gorbash as an ally
 28209 | Spider:2 | Gained Worak as an ally
 28271 | Spider:2 | Noticed Azrael
 28275 | Spider:2 | Reached XP level 18. HP: 151/151 MP: 33/33
 28279 | Spider:2 | Killed Azrael
 29596 | Spider:4 | Entered Level 4 of the Spider Nest
 30314 | Spider:4 | Your ally Worak died
 30333 | Spider:4 | Your ally Gorbash died
 30716 | Spider:4 | Got a gossamer rune of Zot
 30720 | Spider:4 | Identified the +1 hat "Heefoth" {rElec}
 31040 | Vaults:1 | Entered Level 1 of the Vaults
 31063 | Vaults:1 | Gained Thorok as an ally
 31069 | Vaults:1 | Your ally Thorok died
 31270 | Vaults:1 | Reached skill level 15 in Fighting
 31609 | Vaults:1 | Gained Murdo as an ally
 31714 | Vaults:1 | Reached XP level 19. HP: 144/173 MP: 34/34
 32480 | Vaults:2 | Your ally Murdo died
 32626 | Vaults:2 | Noticed Bai Suzhen
 32631 | Vaults:2 | Killed Bai Suzhen
 32700 | Vaults:2 | Gained Boruk as an ally
 33755 | Vaults:3 | Found a staircase to the Crypt.
 33764 | Vaults:3 | Your ally Boruk died
 33768 | Vaults:3 | Gained Boldo as an ally
 34305 | Vaults:3 | Noticed Mennas
 34312 | Vaults:3 | Killed Mennas
 34645 | Vaults:4 | Noticed Boris
 34652 | Vaults:4 | Your ally Boldo died
 34655 | Vaults:4 | Killed Boris
 34656 | Vaults:4 | Reached XP level 20. HP: 93/193 MP: 28/35
 34785 | Vaults:4 | Found a huge runed translucent gate.
 34785 | Vaults:4 | Found a huge runed translucent gate.
 34785 | Vaults:4 | Found a huge runed translucent gate.
 34785 | Vaults:4 | Found a huge runed translucent gate.
 34785 | Vaults:4 | Found a huge runed translucent gate.
 34785 | Vaults:4 | Found a huge runed translucent gate.
 34785 | Vaults:4 | Found a huge runed translucent gate.
 34786 | Vaults:4 | Found a huge runed translucent gate.
 34786 | Vaults:4 | Found a huge runed translucent gate.
 34786 | Vaults:4 | Found a huge runed translucent gate.
 34786 | Vaults:4 | Found a huge runed translucent gate.
 34786 | Vaults:4 | Found a huge runed translucent gate.
 35563 | Vaults:4 | Found a huge runed translucent gate.
 35564 | Vaults:4 | Found a huge runed translucent gate.
 35565 | Vaults:4 | Found a huge runed translucent gate.
 35566 | Vaults:4 | Found a huge runed translucent gate.
 35567 | Vaults:4 | Found a huge runed translucent gate.
 35567 | Vaults:4 | Found a huge runed translucent gate.
 35572 | Vaults:4 | Found a huge runed translucent gate.
 35573 | Vaults:4 | Found a huge runed translucent gate.
 35573 | Vaults:4 | Found a huge runed translucent gate.
 35573 | Vaults:4 | Found a huge runed translucent gate.
 35573 | Vaults:4 | Found a huge runed translucent gate.
 35575 | Vaults:4 | Found a huge runed translucent gate.
 35576 | Vaults:4 | Found a huge runed translucent gate.
 35577 | Vaults:4 | Found a huge runed translucent gate.
 35577 | Vaults:4 | Found a huge runed translucent gate.
 35582 | Vaults:4 | Found a huge runed translucent gate.
 35583 | Vaults:4 | Found a huge runed translucent gate.
 35583 | Vaults:4 | Found a huge runed translucent gate.
 35583 | Vaults:4 | Found a huge runed translucent gate.
 35583 | Vaults:4 | Found a huge runed translucent gate.
 35585 | Vaults:4 | Found a huge runed translucent gate.
 35586 | Vaults:4 | Found a huge runed translucent gate.
 35587 | Vaults:4 | Found a huge runed translucent gate.
 35587 | Vaults:4 | Found a huge runed translucent gate.
 35590 | Vaults:4 | Noticed a dread lich
 35590 | Vaults:4 | Noticed a dread lich
 35657 | Vaults:5 | Entered Level 5 of the Vaults
 35994 | Vaults:5 | Noticed a golden dragon
 36336 | Vaults:4 | Killed a golden dragon
 36337 | Vaults:4 | Reached skill level 15 in Armour
 36714 | Vaults:4 | Gained Bogfrid as an ally
 36866 | Vaults:5 | Noticed a Brimstone Fiend
 36984 | Abyss:2  | Cast into level 2 of the Abyss (a deep elf demonologist)
 37006 | Abyss:2  | Found a corrupted altar of Lugonu.
 37152 | Abyss:2  | Found a corrupted altar of Lugonu.
 37278 | Abyss:2  | Found a corrupted altar of Lugonu.
 37433 | Vaults:5 | Escaped the Abyss
 37797 | Vaults:4 | Reached XP level 21. HP: 59/179 MP: 36/36
 38093 | Vaults:5 | Your ally Bogfrid died
 38183 | Vaults:5 | Identified the amulet of Odareme {Reflect Int+3 Dex+3 SH+5}
 38219 | Vaults:5 | Identified the +5 mace "Paibuob" {venom, *Slow rC+ rN++
                  | Will+}
 38226 | Vaults:5 | Gained Worak as an ally
 38230 | Vaults:5 | Your ally Worak died
 38326 | Vaults:5 | Noticed Xtahua
 38335 | Vaults:5 | Paralysed by Xtahua for 5 turns
 38343 | Vaults:5 | Killed Xtahua
 38509 | Vaults:5 | Noticed a golden dragon
 38521 | Vaults:5 | Killed a golden dragon
 38541 | Vaults:5 | Got a silver rune of Zot
 38880 | Vaults:5 | Identified the +0 ring mail "Daczecoe" {rF+ rN++}
 39093 | Vaults:5 | Got the Elucidation of Ashes and Exhalation
 39985 | Depths:1 | Entered Level 1 of the Depths
 40433 | Depths:1 | Reached XP level 22. HP: 115/209 MP: 38/38
 40652 | Depths:1 | Found a gateway to Hell.
 40908 | Depths:1 | Found a white marble altar of Elyvilon.
 41184 | Depths:2 | Found a one-way gateway to a ziggurat.
 41345 | Depths:2 | Noticed Norris
 41399 | Depths:2 | You fall into a shaft and drop 1 floor!
 41708 | Depths:2 | Found a one-way gate leading to the halls of Pandemonium.
 41763 | Depths:2 | Killed Norris
 42584 | Depths:2 | Reached skill level 27 in Invocations
 43140 | Depths:3 | Found a one-way gate to the infinite horrors of the Abyss.
 43164 | Depths:3 | Identified the +2 leather armour of Soft Surprise {+Blink
                  | rC+ Int-2 Slay+2}
 43450 | Depths:4 | Entered Level 4 of the Depths
 43668 | Depths:4 | Found Caipiuva's General Store.
 43914 | Depths:4 | Reached XP level 23. HP: 201/222 MP: 40/40
 43959 | Depths:4 | Noticed the Enchantress
 43971 | Depths:4 | Killed the Enchantress
 44052 | Depths:4 | Noticed Jory
 44057 | Depths:4 | Killed Jory
 44386 | Depths:4 | Found a runed translucent door.
 44404 | Depths:4 | Found a runed translucent door.
 44414 | Depths:4 | Found a runed translucent door.
 44454 | Depths:4 | Found a gate to the Realm of Zot.
 44573 | Depths:4 | Found a runed translucent door.
 44573 | Depths:4 | Found a runed translucent door.
 44601 | Depths:4 | Found a runed translucent door.
 45013 | Hell     | Entered the Vestibule of Hell
 45013 | Hell     | Noticed Geryon
 45708 | Hell     | Killed Geryon
 45711 | Hell     | Found a gateway to the freezing wastes of Cocytus.
 45862 | Hell     | Found a gateway to the ashen valley of Gehenna.
 45914 | Hell     | Found a gateway to the decaying netherworld of Tartarus.
 46013 | Hell     | Found a gateway to the Iron City of Dis.
 46206 | Zot:1    | Entered Level 1 of the Realm of Zot
 46220 | Zot:1    | Noticed an orb of fire
 46223 | Zot:1    | Noticed a golden dragon
 46223 | Zot:1    | Gained mutation: Your flesh is cold resistant. (rC+) [an
                  | orb of fire]
 46231 | Zot:1    | Killed an orb of fire
 46233 | Zot:1    | Killed a golden dragon
 46502 | Zot:1    | Noticed a golden dragon
 46504 | Zot:1    | Noticed an orb of fire
 46513 | Zot:1    | Killed an orb of fire
 46518 | Zot:1    | Killed a golden dragon
 46711 | Zot:2    | Noticed a curse toe
 46768 | Zot:2    | Reached XP level 24. HP: 50/235 MP: 40/40
 46817 | Zot:2    | Killed a curse toe
 47793 | Zot:3    | Reached skill level 27 in Fighting
 48096 | Zot:3    | Noticed an orb of fire
 48836 | Zot:4    | Noticed Grunn
 48877 | Zot:4    | Killed Grunn
 48892 | Zot:5    | Entered Level 5 of the Realm of Zot
 49327 | Zot:5    | Noticed an ancient lich
 49345 | Zot:5    | Killed an ancient lich
 49400 | Zot:5    | Noticed an ancient lich
 49434 | Zot:5    | Killed an ancient lich
 49435 | Zot:5    | Reached XP level 25. HP: 250/257 MP: 40/40
 49589 | Zot:5    | Noticed an ancient lich
 49595 | Zot:5    | Killed an ancient lich
 49747 | Zot:5    | Identified the ring "Asank" {MP+9 Dex+4}
 49749 | Zot:5    | Noticed a Killer Klown
 49780 | Zot:5    | Killed a Killer Klown
 49869 | Zot:5    | Noticed a Killer Klown
 50105 | Zot:4    | Killed a Killer Klown
 50387 | Zot:5    | Noticed an orb of fire
 50387 | Zot:5    | Gained mutation: You are frail. (-10% HP) [an orb of fire]
 50388 | Zot:5    | Gained mutation: You are very frail. (-20% HP) [an orb of
                  | fire]
 50412 | Zot:5    | Killed an orb of fire
 50437 | Zot:5    | Lost mutation: Your flesh is cold resistant. (rC+) [potion
                  | of mutation]
 50437 | Zot:5    | Lost mutation: You are very frail. (-20% HP) [potion of
                  | mutation]
 50437 | Zot:5    | Gained mutation: You passively map a small area around you.
                  | [potion of mutation]
 50438 | Zot:5    | Lost mutation: You passively map a small area around you.
                  | [potion of mutation]
 50438 | Zot:5    | Lost mutation: You are frail. (-10% HP) [potion of
                  | mutation]
 50438 | Zot:5    | Gained mutation: You are vulnerable to cold. (rC-) [potion
                  | of mutation]
 50438 | Zot:5    | Gained mutation: You occasionally lose the ability to read
                  | scrolls when taking damage. [potion of mutation]
 50438 | Zot:5    | Gained mutation: You sometimes lose your temper in combat.
                  | [potion of mutation]
 50438 | Zot:5    | Gained mutation: You are covered in fur. (AC +1) [potion of
                  | mutation]
 50439 | Zot:5    | Lost mutation: You occasionally lose the ability to read
                  | scrolls when taking damage. [potion of mutation]
 50439 | Zot:5    | Lost mutation: You are covered in fur. (AC +1) [potion of
                  | mutation]
 50439 | Zot:5    | Lost mutation: You sometimes lose your temper in combat.
                  | [potion of mutation]
 50439 | Zot:5    | Gained mutation: Your mind is acute. (Int +4, Str/Dex -1)
                  | [potion of mutation]
 50440 | Zot:5    | Lost mutation: You are vulnerable to cold. (rC-) [potion of
                  | mutation]
 50440 | Zot:5    | Lost mutation: Your mind is acute. (Int +4, Str/Dex -1)
                  | [potion of mutation]
 50440 | Zot:5    | Gained mutation: You have a pair of small antennae on your
                  | head. [potion of mutation]
 50440 | Zot:5    | Gained mutation: Your spells are a little easier to cast,
                  | but a little less powerful. [potion of mutation]
 50440 | Zot:5    | Gained mutation: You are partially covered in iridescent
                  | scales. (AC +2) [potion of mutation]
 50485 | Zot:5    | Noticed an orb of fire
 50485 | Zot:5    | Noticed an ancient lich
 50493 | Zot:5    | Killed an orb of fire
 50498 | Zot:5    | Noticed an orb of fire
 50499 | Zot:5    | Noticed an orb of fire
 50502 | Zot:5    | Noticed a Killer Klown
 50511 | Zot:5    | Your ally Bolgrim died
 50611 | Zot:5    | Gained mutation: Armour fits poorly on your strangely
                  | shaped body. [an orb of fire]
 50613 | Zot:5    | Gained mutation: Your body sometimes deteriorates upon
                  | taking damage. [an orb of fire]
 50621 | Zot:5    | Killed an orb of fire
 50631 | Zot:5    | Killed an orb of fire
 50633 | Zot:5    | Lost mutation: Your spells are a little easier to cast, but
                  | a little less powerful. [potion of mutation]
 50633 | Zot:5    | Lost mutation: Armour fits poorly on your strangely shaped
                  | body. [potion of mutation]
 50633 | Zot:5    | Gained mutation: Your health recovers twice as slowly from
                  | being drained. [potion of mutation]
 50633 | Zot:5    | Gained mutation: You are mostly covered in iridescent
                  | scales. (AC +4) [potion of mutation]
 50782 | Zot:5    | Killed a Killer Klown
 50793 | Zot:5    | Noticed an orb of fire
 50811 | Zot:5    | Gained mutation: You are weak. (Str -2) [an orb of fire]
 50816 | Zot:5    | Killed an orb of fire
 50882 | Zot:5    | Noticed an orb of fire
 50883 | Zot:5    | Gained mutation: You are dopey. (Int -2) [an orb of fire]
 50888 | Zot:5    | Gained mutation: You are clumsy. (Dex -2) [an orb of fire]
 50894 | Zot:5    | Killed an orb of fire
 51310 | Zot:5    | Got the Orb of Zot
 51456 | Zot:2    | Gained mutation: You do not regenerate when monsters are
                  | visible. [a neqoxec]
 51680 | D:13     | Noticed Harhinn the pandemonium lord
 51973 | D:2      | Noticed Zuptoy the pandemonium lord
 52106 | D:$      | Escaped with the Orb!

Illustrated notes

Levels and vault maps discovered:
D:1:      lightli_molten_gateway, layout_basic
D:2:      layout_basic, basic_altar
D:3:      kennysheep_goblin_castle, layout_rooms, serial_shops,
          nicolae_shop_back_alley_shop, minmay_between
D:4:      layout_basic, minitemple, uniq_robin
D:5:      kennysheep_six_static_rooms, layout_cave_pools
D:6:      layout_loops_cross, uniq_menkaure
D:7:      layout_loops_cross, lemuel_temple_firewalk_b, enter_bailey_5
D:8:      layout_loops_corners, kennysheep_cluttered_room
D:9:      wad_woods_minihive, layout_layer_cave,
          nicolae_yredelemnul_corpse_copse, orc_0_dummy,
          amcnicky_mini_rare_corridor_liquid
D:10:     layout_cave_pools, nicolae_ashenzari_panopticon, nrook_pool_corridor
D:11:     layout_irregular_city, grunt_lair_entry_orc_guard_hut, enter_trove_3
D:12:     layout_small_grid, minivault_5, minmay_splitting_lines,
          hangedman_abyss_or_decor_lesser_grid
D:13:     layout_basic, david_vaults_5, uniq_sonja
D:14:     layout_gridville, serial_park_square2
D:15:     grunt_enter_depths_giant_problem, layout_basic, st_stairs_14,
          uniq_louise
Temple:   bh_familiar_temple
Lair:1:   layout_hall_layers, serial_bayou_shore_b
Lair:2:   layout_regular_city, minmay_swamp_entry_reptiles,
          hellmonk_spider_entry_life_and_decay, gauntlet_entry_generic,
          uniq_urug
Lair:3:   nzn_winding_woodlands_large [nzn_winding_woodlands_5x5_perimeter,
          nzn_winding_woodlands_5x15_sidewinder,
          nzn_winding_woodlands_5x5_three,
          nzn_winding_woodlands_center_triple_pond,
          nzn_winding_woodlands_15x15_five_gardens,
          nzn_winding_woodlands_center_garden,
          nzn_winding_woodlands_5x5_default,
          nzn_winding_woodlands_5x15_river_crossing,
          nzn_winding_woodlands_5x5_closed_star], layout_hall_layers
Lair:4:   layout_misc_corridors, slime_entry_1
Lair:5:   evilmike_catoblepas_cave, layout_small_grid, serial_bayou_shore_a
Swamp:1:  layout_basic_swamp, ebering_ghost_inner_flame,
          evilmike_swamp_ruin_rubble_2, infiniplex_staircase_pool_2,
          uniq_frances
Swamp:2:  layout_falls_marsh, nicolae_swamp_ascending_descending,
          grunt_witch_cave
Swamp:3:  layout_falls_marsh, evilmike_swamp_ruin_house_2, swamp_pool_4,
          uniq_aizul
Swamp:4:  swamp_vile, layout_basic_swamp, nicolae_swamp_thats_no_hydra
Spider:1: layout_spider_delve, hive_lemuel, uniq_jorgrun, uniq_roxanne,
          uniq_nikola
Spider:2: nicolae_spider_hilbert_zone_4 [nicolae_spider_hilbert_4_sides_2_open,
          nicolae_spider_hilbert_4_sides_1_open,
          nicolae_spider_hilbert_4_sides_1_open,
          nicolae_spider_hilbert_4_sides_1_open,
          nicolae_spider_hilbert_4_sides_1_open,
          nicolae_spider_hilbert_2_sides_1_open,
          nicolae_spider_hilbert_2_sides_1_open,
          nicolae_spider_hilbert_2_sides_1_open,
          nicolae_spider_hilbert_2_sides_1_open,
          nicolae_spider_hilbert_6_sides_1_open,
          nicolae_spider_hilbert_6_sides_1_open,
          nicolae_spider_hilbert_3_sides_1_open,
          nicolae_spider_hilbert_3_sides_1_open], uniq_azrael
Spider:3: layout_spider_delve
Spider:4: grunt_spider_rune_parallel, einodemon_crawler_minivault
Orc:1:    layout_diamond_mine
Orc:2:    kennysheep_orc_mage_school, layout_diamond_mine, uniq_donald
Vaults:1: nicolae_vaults_what_the_h, ontoclasm_vaults_shuriken,
          nicolae_vaults_bisected_exclaves, v_rooms_3,
          nicolae_vaults_ellipses_ellipsis, nicolae_vaults_six-pack,
          nicolae_vaults_mitosis, vaults_dpeg_diagonal, layout_vaults_omnicross
Vaults:2: nicolae_vaults_hexular_roomagon, vaults_dpeg_ring,
          nicolae_vaults_closet_pinwheel_2, nicolae_vaults_swerve,
          nicolae_vaults_double_plus_1, nicolae_vaults_double_plus_3,
          nicolae_vaults_tangram_2, v_pattern_2,
          nicolae_vaults_security_offices_5, nicolae_vaults_house_1, v_misc_23,
          nicolae_vaults_prndl, layout_vaults_omnibox, uniq_bai_suzhen
Vaults:3: ontoclasm_vaults_decontamination, hangedman_vaults_stagger,
          hangedman_vaults_pinch, nicolae_vaults_tetromino_Z_2,
          grunt_vaults_hallway_long, minmay_crypt_entry_simple_sparse,
          hangedman_vaults_slither, hangedman_vaults_snaps,
          nicolae_vaults_spaceships, grunt_vaults_focal, v_pattern_5,
          ontoclasm_vaults_twist, nicolae_vaults_little_squares_5,
          layout_vaults_maze, uniq_mennas
Vaults:4: ontoclasm_vaults_chip, nicolae_vaults_circle_grid_a, door_vault,
          nicolae_vaults_tetromino_Z_2, nicolae_vaults_tetromino_Z_2,
          nicolae_vaults_rhombus_5, nicolae_vaults_diamond_1,
          layout_vaults_quadrants, uniq_boris
Vaults:5: serial_shops, uniq_xtahua
Depths:1: layout_basic, pf_coc_iceberg, serial_bayou, serial_bayou_lagoon_b,
          serial_bayou_shore_b, serial_bayou_ford_a, serial_bayou_pond_d,
          minmay_misc_feat_iff, elyvilon_altar_5
Depths:2: nicolae_cairo_tiling_large, layout_cross, enter_ziggurat_f,
          hell_entry, serial_glass, glass_columns_c, glass_columns_c,
          rand_demon_pan_entry_1, minmay_misc_feat_more_columns, drop_trap,
          infiniplex_staircase_zigzag_4, serial_bayou_shore_b, uniq_norris
Depths:3: minmay_firetagon, layout_cave_pools, minmay_room_of_horrors,
          hell_entry, serial_library_hellmonk_recessed_alcove
Depths:4: evilmike_zot_entry_castle, layout_gridlike, abyss_entry,
          pf_vacation_house_of_asmodeus, serial_shops, shop,
          minmay_misc_feat_secret_circle, uniq_jory, uniq_enchantress
Hell
Zot:1:    lemuel_acid_trip, layout_concentric_octagons, grunt_megastairs_2
Zot:2:    lemuel_draconian_sentries, layout_basic,
          regret_index_zotdec_serpentine_coiled
Zot:3:    layout_misc_corridors, lemuel_elevator
Zot:4:    layout_onion, st_stairs_9, uniq_grunn
Zot:5:    layout_basic

Skill      XL: |  1  2  3  4  5  6  7  8  9 10 11 12 13 14 15 16 17 18 19 20 21 22 23 24 25 |
---------------+----------------------------------------------------------------------------+-----
Axes           | 3 4 5 6 7 9 12 15 16 17 18 | 18.0
Throwing       | 1 2 3 4 |  4.0
Evocations     | 2 4 |  4.0
Fighting       | 10 11 16 20 21 25 27 | 27.0
Armour         | 4 8 9 10 11 17 20 22 25 | 25.7
Invocations    | 12 15 21 23 24 27 | 27.0
Dodging        | 6 9 |  9.0
Shields        | 10 14 19 20 | 20.0
Stealth        | |  4.1

Action                     |  1- 3 |  4- 6 |  7- 9 | 10-12 | 13-15 | 16-18 | 19-21 | 22-24 | 25-27 || total
---------------------------+-------+-------+-------+-------+-------+-------+-------+-------+-------++-------
  Melee: War axe           |    59 |   180 |   281 |   482 |       |       |       |       |       ||  1002
         Hand axe          |     4 |       |       |       |       |       |       |       |       ||     4
         Punch             |       |     2 |     3 |    10 |    10 |       |       |       |       ||    25
         Broad axe         |       |       |       |   179 |   644 |   948 |   938 |  1304 |   331 ||  4344
         Falchion          |       |       |       |       |    71 |       |       |       |       ||    71
         Scimitar          |       |       |       |       |       |    48 |       |       |       ||    48
  Throw: Dart              |       |    19 |    21 |    24 |       |       |       |       |       ||    64
 Invoke: Convert to Beogh  |       |       |       |     1 |       |       |       |       |       ||     1
         Smiting           |       |       |       |       |     7 |    42 |    20 |    47 |    10 ||   126
         Give Item to Name |       |       |       |       |       |       |     2 |       |       ||     2
         Recall Orcish Fol |       |       |       |       |       |       |       |       |     1 ||     1
  Evoke: Wand              |       |       |    25 |     8 |     8 |     1 |       |     9 |     6 ||    57
         Phial of floods   |       |       |       |       |       |       |       |     1 |       ||     1
         Phantom mirror    |       |       |       |       |       |       |       |     1 |       ||     1
    Use: Scroll            |     1 |     5 |     5 |    20 |     9 |     8 |     9 |    15 |     4 ||    76
         Potion            |     1 |     1 |     2 |     5 |     1 |     5 |     1 |    13 |    20 ||    49
   Stab: Sleeping          |     3 |     1 |       |       |       |       |       |       |       ||     4
         Paralysed         |       |       |    10 |     6 |     2 |       |       |     3 |     2 ||    23
         Distracted        |       |       |       |       |     5 |     6 |     8 |       |       ||    19
         Petrified         |       |       |       |       |     8 |       |       |       |       ||     8
         Petrifying        |       |       |       |       |     2 |       |       |       |       ||     2
 Armour: Leather armour    |    32 |     6 |       |       |       |       |       |       |       ||    38
         Scale mail        |       |   136 |   196 |       |       |       |       |       |       ||   332
         Ring mail         |       |     1 |       |       |       |       |       |       |       ||     1
         Chain mail        |       |       |    18 |   599 |       |       |       |       |       ||   617
         Plate armour      |       |       |       |   118 |  1118 |  1146 |    98 |       |       ||  2480
         Storm dragon scal |       |       |       |       |       |       |   740 |  1690 |   485 ||  2915
  Dodge: Dodged            |    44 |   103 |   128 |   353 |   333 |   310 |   271 |   561 |   158 ||  2261
  Block: Buckler           |       |       |       |       |    71 |     9 |       |       |       ||    80
         Tower shield      |       |       |       |       |       |  1399 |  1248 |   256 |       ||  2903
         Kite shield       |       |       |       |       |       |       |       |  1221 |   337 ||  1558
